 Dungeon Crawl Stone Soup version 0.27-a0-1101-ge311f74bc8 (webtiles) character file.

Game seed: 2981033888413487890

4321 wewepker the Cleaver (level 10, -2/90 HPs)
             Began as a Minotaur Berserker on Apr 28, 2021.
             Was a Priest of Trog.
             Slain by an orc priest
             ... wielding a +0 mace
              (3 damage)
             ... on level 8 of the Dungeon.
             The game lasted 00:18:13 (9554 turns).

wewepker the Cleaver (Minotaur Berserker)           Turns: 9554, Time: 00:18:14

Health: -2/90      AC:  9    Str: 23    XL:     10   Next: 11%
Magic:  9/9        EV: 12    Int:  7    God:    Trog [***...]
Gold:   448        SH:  0    Dex: 17    Spells: 9/9 levels left

rFire    + . .     SeeInvis +   d - +3 broad axe "Wyusotty" {speed, rElec rN+ Will- Int+2}
rCold    + . .     Faith    .   (no shield)
rNeg     + . .     Spirit   .   h - +0 scale mail
rPois    .         Reflect  .   (helmet restricted)
rElec    +         Harm     .   k - scarf {rC+ rF+}
rCorr    .         Rampage  .   p - +0 pair of gloves
Will     .....                  (no boots)
Stlth    +.........             (no amulet)
HPRegen  0.25/turn              b - +6 ring of dexterity
MPRegen  0.11/turn              s - ring of see invisible

@: no status effects
A: horns 2, retaliatory headbutt
a: Renounce Religion, Berserk, Trog's Hand


You were on level 8 of the Dungeon.
You worshipped Trog.
Trog was most pleased with you.
You visited 1 branch of the dungeon, and saw 8 of its levels.

You collected 448 gold pieces.

Inventory:

Hand Weapons
 d - the +3 broad axe "Wyusotty" (weapon) {speed, rElec rN+ Will- Int+2}
   (You acquired it on level 3 of the Dungeon)

   Attacks with this weapon are significantly faster.
   It affects your intelligence (+2).
   It insulates you from electricity.
   It protects you from negative energy.
   It decreases your willpower.
 n - a +0 whip of electrocution
Missiles
 q - a curare-tipped dart
Armour
 h - a +0 scale mail (worn)
 k - a scarf of resistance (worn)
 p - a +0 pair of gloves (worn)
Jewellery
 b - a +6 ring of dexterity (left hand)
 s - a ring of see invisible (right hand)
Wands
 c - a wand of digging (6)
Scrolls
 a - a scroll of enchant armour
 f - 2 scrolls of vulnerability {unknown}
 g - a scroll of teleportation
 o - 3 scrolls of blinking {unknown}
 r - a scroll of torment {unknown}
 t - a scroll of identify
 u - a scroll of fog {unknown}
 v - 3 scrolls of magic mapping {unknown}
Potions
 e - 4 potions of lignification
 i - 3 potions of haste
 j - 2 potions of curing {unknown}
 l - a potion of invisibility {unknown}
 m - a potion of resistance {unknown}


   Skills:
 + Level 8.5 Fighting
 + Level 12.9 Axes
 + Level 7.6 Armour
 + Level 4.8 Dodging
 + Level 2.3 Stealth


You had 9 spell levels left.
You didn't know any spells.
Your spell library was empty.

Dungeon Overview and Level Annotations

Branches:
Dungeon (8/15)             Temple (0/1) D:5
   Lair: D:8-11

Altars:
Elyvilon

Shops:
D:3 :

Annotations:
D:5 1 runed translucent door


Innate Abilities, Weirdness & Mutations

You have a pair of horns on your head.
You reflexively headbutt those who attack you in melee.


Message History

The centaur shoots an arrow.
The arrow misses you.
The centaur shoots an arrow.
The arrow closely misses you.
The centaur shoots an arrow.
The arrow hits you.
The centaur shoots an arrow.
The arrow misses you.
You slash the centaur!
The centaur is heavily wounded.
The centaur unwields a +0 shortbow.
The centaur hits you.
* * * LOW HITPOINT WARNING * * *
The centaur misses you.
You slash the centaur! You headbutt the centaur.
You kill the centaur!
Trog accepts your kill.
Things that are here:
a +0 shortbow; 37 arrows
Things that are here:
a +0 shortbow; 37 arrows You start resting.
An orc warrior comes into view. It is wielding a +0 glaive.
An orc warrior is nearby!
An orc warrior is nearby!
An orc warrior is nearby!
The orc warrior shouts!
The orc warrior completely misses you. The orc warrior barely misses you.
An orc priest comes into view. It is wielding a +0 mace.
The orc warrior hits you with a +0 glaive!
* * * LOW HITPOINT WARNING * * *
The orc warrior completely misses you.
You barely miss the orc warrior. Your headbutt misses the orc warrior.
The orc warrior hits you with a +0 glaive!
* * * LOW HITPOINT WARNING * * *
You hit the orc warrior. Your headbutt misses the orc warrior.
The orc warrior is lightly wounded.
The orc warrior hits you with a +0 glaive!!
* * * LOW HITPOINT WARNING * * *
You closely miss the orc priest.
You headbutt the orc priest, but do no damage.
You barely miss the orc warrior. The orc warrior barely misses you.
The orc priest hits you with a +0 mace.
You die...

...#.........# ## ##
)............#######.###..#
...............##...>....##
....##.##......#..........#
#..#####...............#...
#..# #...............# ...#
##............#...#
...####..........o..#...#
##.........)...o@......##
........(.............##
..<...................#
.....................##
......#...............#
.......#.....)†..#....#
######.#.##....#........
#...#.....#......##
............###.#


You could see an orc warrior and an orc priest.

Vanquished Creatures
  A two-headed ogre (D:6)
  Maggie (D:8)
  The ghost of snackwell the Skirmisher, an amateur PaFi of Hepliaklqana (D:5)
  Prince Ribbit (D:6)
  A hornet (D:8)
  A wyvern (D:7)
  A steam dragon (D:7)
  2 water moccasins
  3 necrophages
  A black bear (D:6)
  3 ogres
  3 centaurs
  4 bullfrogs
  A kobold brigand (D:7)
  Blork the orc (D:3)
  5 scorpions (D:5)
  A water moccasin skeleton (D:5)
  A killer bee (D:8)
  3 centaur zombies
  4 hounds
  A jelly (D:5)
  A centaur skeleton (D:4)
  A scorpion zombie (D:5)
  3 iguanas
  2 orc wizards (D:8)
  A howler monkey zombie (D:8)
  4 gnolls (D:4)
  4 adders
  A howler monkey skeleton (D:4)
  3 river rats (D:4)
  A shadow imp (D:5)
  2 white imps (D:8)
  An ufetubus (D:6)
  3 worms
  A dart slug (D:3)
  9 orcs
  6 endoplasms
  13 giant cockroaches
  6 goblins
  7 hobgoblins
  7 jackals (D:2)
  5 quokkas
  4 ball pythons
  4 bats
  4 frilled lizards
  14 kobolds
  7 rats
  A butterfly (D:5)
155 creatures vanquished.

Vanquished Creatures (others)
  6 plants (D:8)
6 creatures vanquished.

Grand Total: 161 creatures vanquished

Notes
Turn   | Place    | Note
-------+----------+-------------------------------------------
     0 | D:1      | wewepker the Minotaur Berserker began the quest for the
                  | Orb.
     0 | D:1      | Reached XP level 1. HP: 19/19 MP: 0/0
    92 | D:1      | Found a faded altar of an unknown god.
   793 | D:1      | Reached XP level 2. HP: 23/27 MP: 1/1
  1186 | D:2      | Reached skill level 4 in Axes
  1455 | D:2      | Reached XP level 3. HP: 34/34 MP: 2/2
  1830 | D:2      | Reached ** piety under Trog
  2583 | D:3      | Reached XP level 4. HP: 41/41 MP: 3/3
  2879 | D:3      | Reached skill level 5 in Axes
  2963 | D:3      | Identified a scroll of acquirement
  2963 | D:3      | Acquired the +3 broad axe "Wyusotty" {speed, rElec rN+
                  | Will- Int+2}
  3112 | D:3      | Found Nepaxoro's Book Shoppe.
  3198 | D:4      | Noticed a centaur
  3204 | D:4      | Killed a centaur
  3204 | D:4      | Noticed an ogre
  3205 | D:4      | Reached skill level 5 in Fighting
  3205 | D:4      | Reached XP level 5. HP: 30/48 MP: 4/4
  3215 | D:4      | Killed an ogre
  3216 | D:4      | Reached skill level 6 in Axes
  3228 | D:4      | Noticed Blork the orc
  3608 | D:3      | Killed Blork the orc
  3609 | D:3      | Reached skill level 1 in Stealth
  3609 | D:3      | Reached XP level 6. HP: 35/56 MP: 5/5
  4430 | D:4      | Reached skill level 7 in Axes
  5070 | D:4      | Reached XP level 7. HP: 61/62 MP: 6/6
  5477 | D:5      | Entered Level 5 of the Dungeon
  5480 | D:5      | Found a large runed translucent door.
  5483 | D:5      | Found a large runed translucent door.
  5483 | D:5      | Noticed snackwell's ghost (amateur PaFi)
  5498 | D:5      | Killed snackwell's ghost
  5499 | D:5      | Reached skill level 8 in Axes
  5735 | D:5      | Reached skill level 9 in Axes
  5735 | D:5      | Reached XP level 8. HP: 69/71 MP: 7/7
  5867 | D:5      | Found a staircase to the Ecumenical Temple.
  5906 | D:5      | Found a runed translucent door.
  5919 | D:5      | Found a runed translucent door.
  6411 | D:5      | Reached skill level 5 in Armour
  6811 | D:6      | Reached skill level 10 in Axes
  6968 | D:6      | Noticed Prince Ribbit
  6975 | D:6      | Killed Prince Ribbit
  6975 | D:6      | Reached *** piety under Trog
  7041 | D:6      | Noticed a two-headed ogre
  7053 | D:6      | Killed a two-headed ogre
  7054 | D:6      | Reached skill level 11 in Axes
  7054 | D:6      | Reached XP level 9. HP: 79/79 MP: 8/8
  8247 | D:7      | Reached skill level 12 in Axes
  8893 | D:7      | Found a white marble altar of Elyvilon.
  9414 | D:8      | Noticed Maggie
  9419 | D:8      | Paralysed by a hornet for 2 turns
  9425 | D:8      | Reached XP level 10. HP: 14/90 MP: 9/9
  9427 | D:8      | HP: 4/90 [Maggie/+0 glaive (3)]
  9436 | D:8      | Killed Maggie
  9553 | D:8      | HP: 1/90 [orc warrior/+0 glaive (18)]
  9554 | D:8      | Slain by an orc priest

Illustrated notes

Levels and vault maps discovered:
D:1:      wander_arrival_peaceful_grave, layout_loops_ring,
          chequers_ecumenical_altar_simple_redux, hangedman_decor_growths
D:2:      layout_loops_corners
D:3:      layout_rooms, serial_shops, shop
D:4:      layout_loops_ring, portal_sewer_entry_e, kennysheep_dice,
          uniq_blork_the_orc
D:5:      lemuel_insect_pit, layout_loops_ring,
          minmay_temple_entry_enclosed_plants, ebering_ghost_disaster_area
D:6:      layout_loops_corners, chequers_arboretum, uniq_prince_ribbit1
D:7:      layout_basic, old_standard_altar
D:8:      nzn_winding_woodlands_small [nzn_winding_woodlands_5x15_pool,
          nzn_winding_woodlands_center_garden,
          nzn_winding_woodlands_5x15_pockets], layout_cave_pools,
          jmf_multi_god_temple2, uniq_maggie

Skill      XL: |  1  2  3  4  5  6  7  8  9 |
---------------+----------------------------+-----
Fighting       | 4 5 6 7 8 |  8.5
Axes           | 4 5 6 7 9 11 12 | 12.9
Dodging        | 3 4 |  4.8
Stealth        | 1 2 |  2.3
Armour         | 3 6 7 |  7.6

Action                   |  1- 3 |  4- 6 |  7- 9 | 10-12 || total
-------------------------+-------+-------+-------+-------++-------
Melee: Hand axe          |    77 |    24 |       |       ||   101
       Headbutt          |    12 |    13 |    33 |     7 ||    65
       Broad axe         |       |    41 |   148 |    16 ||   205
Invok: Berserk           |     2 |     3 |     5 |       ||    10
       Trog's Hand       |       |     1 |     2 |       ||     3
  Use: Scroll            |       |     6 |     1 |       ||     7
       Potion            |       |       |       |     3 ||     3
Armor: Animal skin       |    17 |     8 |       |       ||    25
       Scale mail        |       |       |    69 |     5 ||    74
Dodge: Dodged            |    58 |    32 |    97 |    21 ||   208

Table legend: (Time is in decaauts)
 A = Elapsed time spent in this place.
 B = Non-inter-level travel time spent in this place.
 C = Inter-level travel time spent in this place.
 D = Time resting spent in this place.
 E = Time spent auto-exploring this place.
 F = Levels seen in this place.
 G = Mean time per level.
                   A        B        C        D        E       F      G
               +--------+--------+--------+--------+--------+-----+--------+
         Total |   9616 |   9363 |    253 |   2432 |   5111 |   8 | 1202.0 |
       Dungeon |   9616 |   9363 |    253 |   2432 |   5111 |   8 | 1202.0 |
               +--------+--------+--------+--------+--------+-----+--------+

Top non-repeatable levels by time:
     D:4: 1597 daAuts
     D:1: 1398 daAuts
     D:2: 1353 daAuts
     D:5: 1337 daAuts
     D:6: 1259 daAuts
     D:7: 1245 daAuts
     D:3: 1179 daAuts
     D:8: 246 daAuts
